Unix NetHack Version 3.7.0-70 Work-in-progress - last build Jan 20 2023 02:37:49 (416de4da9be3a1557180d233d1398bca634ded6a,branch:master). Game began 2023-01-22 19:00:33, ended 2023-01-23 10:48:18. spontiff, neutral male gnomish Healer ---- . .....--- |.@| .- -...--- ---- |.o| .| |.....| --..--|.-- .| - |..--.------....||.| .|.| | |..||.........>.||.| |.#. |.|..--------.....||.| |[| |.#...-- |.....|-.| -.| -%|....| |.|...|..| --....---...| |....| |.|-..|.. |......(....| |....-- |.-----.. -.....).<...| |.....| |........ ... .....|.| |.|...--- ----.--- .--.|.| |.--....-- -.| |.|.| | |.--.....| |.| |. | |.|......| ...| ----- ---.---------.|0......-- ...| ... 0.............#.------- ...-----------#------------#----------.| --.%...)...................)........*.0| -------------------------------------- Spontiff the Rhizotomist St:8 Dx:10 Co:18 In:10 Wi:13 Ch:18 Neutral S:350 Dlvl:7 $:0 HP:0(40) Pw:1(1) AC:10 Xp:1/0 T:3711 Latest messages: That would be an interesting topological exercise. You put an uncursed stethoscope into the large box. You put a gem called jacinth into the large box. You were wearing a blessed +1 pair of leather gloves. You were wearing a +1 hooded cloak. You were wearing a +0 hard hat. You were wearing a +0 pair of hard shoes. You finish disrobing. What do you want to use or apply? [f or ?*] f What do you want to use or apply? [f or ?*] f What do you want to use or apply? [f or ?*] f What do you want to use or apply? [f or ?*] f You put a +0 hard hat into the large box. You put a blessed +1 pair of leather gloves into the large box. You put a +0 pair of hard shoes into the large box. You put a +1 hooded cloak into the large box. What do you want to drop? [f or ?*] f You drop a broken large box containing 33 items. l - a dart. What do you want to drop? [l or ?*] l You drop a dart. You see here a watchman corpse. With great effort you move the boulder. The orc-captain shoots a bamboo arrow! You are hit by a bamboo arrow. The orc-captain shoots a bamboo arrow! You are almost hit by a bamboo arrow. You hear the splashing of a naiad. You see here 10 rocks. With great effort you move the boulder. The orc-captain wields a crude bow! Aun-aiz of Thosogothu hits! Aun-aiz of Thosogothu hits! Are you waiting to get hit? Use 'm' prefix to force a no-op (to rest). Aun-aiz of Thosogothu hits! A gnome lady suddenly appears close by! Aun-aiz of Thosogothu hits! You descend the stairs. You climb up the stairs. Aun-aiz of Thosogothu hits! Aun-aiz of Thosogothu hits! Aun-aiz of Thosogothu hits! Aun-aiz of Thosogothu hits! Aun-aiz of Thosogothu hits! Aun-aiz of Thosogothu hits! Aun-aiz of Thosogothu hits! Aun-aiz of Thosogothu hits! Aun-aiz of Thosogothu hits! You die... Do you want to see the dungeon overview? [ynq] (y) y Inventory: Not carrying anything. Spontiff the Healer's attributes: Background: You were a Rhizotomist, a level 1 male gnomish Healer. You were neutral, on a mission for Hermes who was opposed by Athena (lawful) and Poseidon (chaotic). You were in the Gnomish Mines, on level 7. You entered the dungeon 3711 turns ago. There was a new moon in effect when your adventure ended. You had 0 experience points, 20 were needed to attain level 2. Your score was 350 before end-of-game adjustments. Basics: You had 0 out of 40 hit points. You had 1 out of 1 energy points (spell power). Your armor class was 10. Your wallet was empty. Autopickup was on for '$!/="?' plus thrown, with exceptions. Final Characteristics: Your strength was 8 (limit:18/50). Your dexterity was 10 (limit:18). Your constitution was 18 (limit:18). Your intelligence was 10 (limit:19). Your wisdom was 13 (limit:18). Your charisma was 18 (limit:18). Final Status: You were not hungry. You were unencumbered. You were bare handed. You were unskilled in bare handed combat. You were not wearing any armor. Final Attributes: You were fervently aligned. You were poison resistant. You had infravision. You are dead. Miscellaneous: You encountered 1 bones level. Total elapsed playing time was 1 hour, 44 minutes and 10 seconds. Major events: Turn 1: spontiff the neutral male gnomish Healer entered the dungeon 2435: entered the Gnomish Mines 3711: killed by a hill orc called Aun-aiz of Thosogothu Vanquished creatures: a small mimic a kitten 3 dwarves a homunculus a kobold leader 2 dwarf zombies 3 iguanas an acid blob a gas spore 5 hobbits a large kobold 5 giant rats 2 cave spiders 4 gnomes a gnome zombie 3 geckos 9 jackals 2 foxes a kobold 6 goblins 6 sewer rats 5 grid bugs a bat 5 lichens a kobold zombie 14 newts 85 creatures vanquished. No species were genocided or became extinct. Voluntary challenges: You never hit with a wielded weapon. You were a pacifist. You were illiterate. You never engraved Elbereth. You never genocided any monsters. You never polymorphed an object. You never changed form. You used no wishes. Achievements: You entered a shop. You entered the Gnomish Mines. The Dungeons of Doom: levels 1 to 5 Level 1: "Stashlet" Many altars. Level 2: "iron bars" A scroll shop. Level 3: Some fountains. Level 4: Stairs down to The Gnomish Mines. Level 5: The Gnomish Mines: levels 5 to 8 Level 5: "magic trap" Level 6: "magic trap" Level 7: <- You were here. Final resting place for you, killed by a hill orc called Aun-aiz of Thosogothu, RedArrow-Sam-Hum-Mal-Law, killed by an orcish arrow. Level 8: Game over: ---------- / \ / REST \ / IN \ / PEACE \ / \ | spontiff | | 0 Au | | killed by a hill | | orc called | | Aun-aiz of | | Thosogothu | | 2023 | *| * * * | * _________)/\\_//(\/(/\)/\//\/|_)_______ Goodbye spontiff the Healer... You died in The Gnomish Mines on dungeon level 7 with 350 points, and 0 pieces of gold, after 3711 moves. You were level 1 with a maximum of 40 hit points when you died.